 Dungeon Crawl Stone Soup version 0.29-a0-841-g116ddc6ace (webtiles) character file.

Game seed: 6395391769426701497

67 ZappyNine the Stinger (level 4, -7/19 HPs)
             Began as a Felid Venom Mage on July 14, 2022.
             Killed by divine providence
             ... invoked by an orc priest
              (14 damage)
             ... on level 3 of the Dungeon.
             The game lasted 00:04:33 (4209 turns).

ZappyNine the Stinger (Felid Venom Mage)            Turns: 4209, Time: 00:04:34

Health: -7/19      AC:  1    Str:  4    XL:     4   Next: 0%
Magic:  3/9        EV: 17    Int: 18    God:
Gold:   132        SH:  0    Dex: 16    Spells: 3/9 levels left
                                        Lives:  0   Deaths: 1

rFire   . . .      SeeInvis +   (weapon unavailable)
rCold   . . .      Faith    .   (shield unavailable)
rNeg    . . .      Spirit   .   (body armour unavailable)
rPois   .          Reflect  .   (helmet unavailable)
rElec   .          Harm     .   (cloak unavailable)
rCorr   .          Rampage  .   (gloves unavailable)
Will    .....                   (boots unavailable)
Stlth   +.........              (no amulet)
HPRegen 0.06/turn               (no ring)
MPRegen 0.11/turn               (no ring)

@: confused, brilliant, quick
A: very small, claws 1, fangs 3, see invisible, speed 1, shaggy fur 1, stealthy
paws, no weapons or thrown items, no armour, multi-lived
a: no special abilities


You were on level 3 of the Dungeon.
You visited 1 branch of the dungeon, and saw 3 of its levels.

You collected 132 gold pieces.

Inventory:

Wands
 k - a wand of paralysis (13)
Scrolls
 b - a scroll of noise {unknown}
 e - a scroll of identify {unknown}
 f - 2 scrolls of teleportation {unknown}
 g - 3 scrolls of magic mapping {unknown}
 i - a scroll of torment {unknown}
 j - 2 scrolls of blinking {unknown}
 m - a scroll of fog {unknown}
 n - a scroll of enchant armour {unknown}
Potions
 a - a potion of magic
 d - a potion of degeneration {unknown}
 h - a potion of heal wounds {unknown}
 l - a potion of invisibility {unknown}


   Skills:
 + Level 2.3 Fighting
 - Level 2.6 Dodging
 - Level 2.6 Stealth
 + Level 3.0 Spellcasting
 - Level 1.1 Transmutations
 + Level 3.6 Poison Magic


You had 3 spell levels left.
You knew the following spells:

 Your Spells              Type           Power      Damage    Failure   Level
a - Sting                 Tmut/Pois      64%        1d6       6%          1
b - Poisonous Vapours     Pois/Air       26%        N/A       12%         2
c - Mephitic Cloud        Conj/Pois/Air  10%        N/A       30%         3

Your spell library contained the following spells:

 Spells                   Type           Power      Damage    Failure   Level
 Olgreb's Toxic Radiance  Pois           23%        N/A       36%         4


Dungeon Overview and Level Annotations

Branches:
Dungeon (3/15)

Altars:

Annotations:
D:3 1 runed translucent door


Innate Abilities, Weirdness & Mutations

You have sharp claws.
You have razor-sharp teeth.
You have supernaturally acute eyesight. (SInv)
You cover ground quickly. (Speed+)
You are covered in fur. (AC +1)
Your paws help you pounce on unaware monsters.
You are incapable of wielding weapons or throwing items.
You cannot wear armour.
You gain extra lives every three experience levels.


Message History

Aim: an orc wizard, wielding a +0 dagger and wearing a +0 robe (poisoned) Poisonous vapours surround the orc wizard!
The orc wizard looks even sicker.
The orc priest shouts!
The orc priest calls upon Beogh to heal the orc wizard.
The orc wizard's wounds heal themselves!
You hear a shout!
Casting: Poisonous Vapours (safe; 12% risk of failure)
Confirm with . or Enter, or press ? or * to list all spells.
Aiming: Poisonous Vapours (safe; 12% risk of failure)
Press: ? - help, Dir - move target, f - orc priest, p - orc wizard
Aim: an orc priest, wielding a +0 club and wearing a +0 leather armour Poisonous vapours surround the orc priest!
The orc priest is poisoned.
The orc priest mumbles some strange prayers to Beogh against you.
Beogh smites you!
Ouch! That really hurt!
Unknown command.
Casting: Poisonous Vapours (safe; 12% risk of failure)
Confirm with . or Enter, or press ? or * to list all spells.
Aiming: Poisonous Vapours (safe; 12% risk of failure)
Press: ? - help, Dir - move target, f/p - orc priest
Aim: an orc priest, wielding a +0 club and wearing a +0 leather armour (lightly wounded, poisoned) Poisonous vapours surround the orc priest!
The orc priest looks even sicker.
An orc comes into view. It is wielding a +0 falchion.
Unknown command.
The orc priest looks braver for a moment.
The orc wizard points at you and mumbles some strange words.
You are confused.
You bump into the rock wall.
It was a potion of brilliance.
You feel clever all of a sudden.
You bump into the rock wall.
The orc wizard gestures wildly while chanting.
The orc wizard flickers and vanishes for a moment.
The orc priest calls down the wrath of Beogh upon you.
Beogh smites you!
Ouch! That really hurt!
You die...

#.## ..# #o# #.# #.# #o#
#.# #.## #.@# ###### ##.#
#### ## .....#### #.# #..
.# ##.....># #.# #.# ##.##
##.#.##.# #.###.##..... #
#....##.# #..........# ##
#..#.##.# #####.###..# #>
........# #.###..# #.
.....###############......#
#.


You could see an orc priest (poisoned) and an orc wizard (invisible, poisoned).

Vanquished Creatures
  An orc priest (D:3)
  An adder (D:3)
  2 dart slugs (D:1)
  5 orcs (D:3)
  6 endoplasms
  9 giant cockroaches
  3 goblins
  5 hobgoblins
  2 quokkas
  6 ball pythons
  5 bats
  4 frilled lizards
  5 kobolds
  5 rats
59 creatures vanquished.

Notes
Turn   | Place    | Note
-------+----------+-------------------------------------------
     0 | D:1      | ZappyNine the Felid Venom Mage began the quest for the Orb.
     0 | D:1      | Reached XP level 1. HP: 7/7 MP: 4/4
   333 | D:1      | Found a faded altar of an unknown god.
   815 | D:1      | Reached XP level 2. HP: 12/12 MP: 3/6
   855 | D:1      | Learned a level 2 spell: Poisonous Vapours
   928 | D:1      | Reached skill level 1 in Fighting
  1657 | D:1      | Reached XP level 3. HP: 14/15 MP: 7/7
  1661 | D:1      | Learned a level 3 spell: Mephitic Cloud
  2800 | D:2      | Identified the +1 chain mail of a Thousand Princes {rCorr
                  | Str+3 SInv}
  3088 | D:3      | Found a runed translucent gate.
  3239 | D:3      | Reached XP level 4. HP: 9/19 MP: 1/9
  4139 | D:3      | Slain by an orc priest
  4140 | D:3      | Reached XP level 3. HP: -2/16 MP: 2/8
  4185 | D:3      | Reached XP level 4. HP: 19/19 MP: 9/9
  4209 | D:3      | Killed from afar by an orc priest

Illustrated notes

Levels and vault maps discovered:
D:1:      dpeg_arrival_castle, layout_basic, serial_corexii_hall,
          chequers_hall_statues_corner_a, chequers_hall_statues_wall_a,
          corexii_hall_statues_i, corexii_hall_statues_x,
          chequers_hall_statues_corner_a, corexii_hall_statues_x,
          basic_ecumenical_altar
D:2:      layout_loops_ring
D:3:      layout_loops_cross, biasface_ghost_orc_armoury, uniq_natasha

Skill      XL: |  1  2  3  4 |
---------------+-------------+-----
Fighting       | 1 2 |  2.3
Poison Magic   | 3 |  3.6
Spellcasting   | 3 |  3.0
Dodging        | |  2.6
Stealth        | |  2.6
Transmutations | |  1.1

Action                   |  1- 3 |  4- 6 || total
-------------------------+-------+-------++-------
Melee: Unarmed           |   107 |    21 ||   128
       Bite              |    13 |     2 ||    15
 Cast: Sting             |    16 |     5 ||    21
       Poisonous Vapours |    24 |    11 ||    35
  Use: Potion            |       |     1 ||     1
 Stab: Sleeping          |     9 |       ||     9
Armor: Skin              |    12 |       ||    12
Dodge: Dodged            |    90 |    16 ||   106

Table legend: (Time is in decaauts)
 A = Elapsed time spent in this place.
 B = Non-inter-level travel time spent in this place.
 C = Inter-level travel time spent in this place.
 D = Time resting spent in this place.
 E = Time spent auto-exploring this place.
 F = Levels seen in this place.
 G = Mean time per level.
                   A        B        C        D        E       F      G
               +--------+--------+--------+--------+--------+-----+--------+
         Total |   3843 |   3762 |     81 |    970 |   2394 |   3 | 1281.0 |
       Dungeon |   3843 |   3762 |     81 |    970 |   2394 |   3 | 1281.0 |
               +--------+--------+--------+--------+--------+-----+--------+

Top non-repeatable levels by time:
     D:1: 1599 daAuts
     D:2: 1506 daAuts
     D:3: 737 daAuts
